 Dungeon Crawl Stone Soup version 0.30-a0-371-gad7725a93e (webtiles) character file.

Game seed: 6870046417411094997

81 Querens the Conjurer (level 4, 0/24 HPs)
             Began as a Deep Elf Conjurer on Nov 20, 2022.
             Was an Initiate of Vehumet.
             Slain by Terence
             ... wielding a +2 flail of protection
              (7 damage)
             ... on level 3 of the Dungeon.
             The game lasted 00:04:56 (1294 turns).

Querens the Conjurer (Deep Elf Conjurer)            Turns: 1294, Time: 00:04:57

Health: 0/24       AC:  3    Str:  4    XL:     4   Next: 20%
Magic:  10/12      EV: 12    Int: 25    God:    Vehumet [......]
Gold:   108        SH:  0    Dex: 13    Spells: 9/12 levels left

rFire   . . .      SeeInvis .    (no weapon)
rCold   . . .      Faith    .    (no shield)
rNeg    . . .      Spirit   .    a - +0 robe
rPois   .          Reflect  .    g - +0 helmet
rElec   .          Harm     .    (no cloak)
rCorr   .          Rampage  .    (no gloves)
Will    .....                    (no boots)
Stlth   ++........               (no amulet)
HPRegen 0.24/turn                (no ring)
MPRegen 0.13/turn                (no ring)

@: no status effects
A: no striking features
a: Renounce Religion


You were on level 3 of the Dungeon.
You worshipped Vehumet.
Vehumet was noncommittal.
You visited 1 branch of the dungeon, and saw 3 of its levels.

You collected 108 gold pieces.

Inventory:

Missiles
 n - 5 curare-tipped darts
Armour
 a - a +0 robe (worn)
 g - a +0 helmet (worn)
Wands
 m - a wand of iceblast (8)
Scrolls
 d - a scroll of immolation {unknown}
 h - 5 scrolls of identify {unknown}
 i - a scroll of blinking {unknown}
 o - a scroll of magic mapping {unknown}
Potions
 c - a potion of might {unknown}
 e - a potion of haste {unknown}
 f - a potion of flight {unknown}
 j - a potion of curing
 k - a potion of ambrosia {unknown}
 l - 2 potions of attraction {unknown}


   Skills:
 - Level 2.4 Dodging
 - Level 2.4 Stealth
 + Level 4.8 Spellcasting
 + Level 5.4 Conjurations


You had 9 spell levels left.
You knew the following spells:

 Your Spells              Type           Power      Damage    Failure   Level
a - Magic Dart            Conj           100%       1d8       1%          1
b - Searing Ray           Conj           66%        2d6       1%          2

Your spell library contained the following spells:

 Spells                   Type           Power      Damage    Failure   Level
 Dazzling Flash           Conj/Hex       38%        N/A       9%          3
 Fulminant Prism          Conj/Hex       9%         3d6       26%         4
 Iskenderun's Mystic Bla  Conj/Tloc      19%        2d6       26%         4


Dungeon Overview and Level Annotations

Branches:
Dungeon (3/15)

Altars:
Vehumet

Shops:
D:2 (

Annotations:
D:3 Terence


Message History

Aiming: Iceblast
Press: ? - help, Shift-Dir - straight line, f/p - Terence
Aim: Terence, wielding a +2 flail of protection and wearing a +0 scale mail The mass of ice explodes!
The iceblast engulfs Terence.
Terence is lightly wounded.
Unknown command.
Aiming: Iceblast
Press: ? - help, Shift-Dir - straight line, f/p - Terence
Aim: Terence, wielding a +2 flail of protection and wearing a +0 scale mail (lightly wounded)
The mass of ice explodes!
The iceblast engulfs Terence.
Terence is moderately wounded.
Unknown command.
Casting: Magic Dart (safe; 1% risk of failure)
Confirm with . or Enter, or press ? or * to list all spells.
Aiming: Searing Ray (safe; 1% risk of failure)
Press: ? - help, Shift-Dir - straight line, f/p - Terence
Aim: Terence, wielding a +2 flail of protection and wearing a +0 scale mail (moderately wounded, 83% to hit)
The searing ray hits Terence.
Terence is heavily wounded. (Press . to maintain the ray.)
The searing ray misses Terence.
Terence drinks a potion.
Terence is healed!
The searing ray hits Terence but does no damage.
Terence is moderately wounded.
The searing ray hits Terence.
Terence is heavily wounded.
You finish channelling your searing ray.
Terence shouts, "DIE!!!"
Terence hits you with a +2 flail of protection!
Magic courses through your body.
Terence hits you with a +2 flail of protection!
* * * LOW HITPOINT WARNING * * *
Casting: Searing Ray (safe; 1% risk of failure)
Confirm with . or Enter, or press ? or * to list all spells.
Aiming: Searing Ray (safe; 1% risk of failure)
Press: ? - help, Shift-Dir - straight line, f/p - Terence
Aim: Terence, wielding a +2 flail of protection and wearing a +0 scale mail (heavily wounded, 83% to hit)
The searing ray misses Terence. (Press . to maintain the ray.) Terence hits you with a +2 flail of protection!
You die...

#.....# #.....#. #.....#.#
#.....#.##+##
######†....#.....# .
#.@..'.....#.....#
....####.....#.....#
.........#####.....#
########.......@@..########
#..........#<.......
#.##########.####### #+#
#.# #.# #.# ..# ###


You could see Terence.

Vanquished Creatures
  4 adders
  2 dart slugs
  2 ball pythons
  2 bats
  An endoplasm (D:1)
  A giant cockroach (D:1)
  6 hobgoblins
  5 jackals
  6 kobolds
  2 frilled lizards (D:2)
  5 goblins
  3 rats
39 creatures vanquished.

Notes
Turn   | Place    | Note
-------+----------+-------------------------------------------
     0 | D:1      | Querens the Deep Elf Conjurer began the quest for the Orb.
     0 | D:1      | Reached XP level 1. HP: 10/10 MP: 6/6
   228 | D:1      | Reached XP level 2. HP: 15/15 MP: 0/8
   233 | D:1      | Learned a level 2 spell: Searing Ray
   254 | D:1      | Found a faded altar of an unknown god.
   520 | D:2      | Reached skill level 5 in Conjurations
   520 | D:2      | Reached XP level 3. HP: 19/19 MP: 4/10
   665 | D:2      | Found a radiant altar of Vehumet.
   672 | D:2      | Became a worshipper of Vehumet
   777 | D:2      | Found Fuowoej's Antique Weapon Emporium.
  1141 | D:2      | Reached XP level 4. HP: 24/24 MP: 7/12
  1270 | D:3      | Noticed Terence
  1294 | D:3      | Slain by Terence

Illustrated notes

Levels and vault maps discovered:
D:1:      dreamdust_arrival_beginning_and_end, layout_loops_ring,
          chequers_ecumenical_altar_simple_redux, st_stairs_12
D:2:      layout_loops_corners, serial_shops, nicolae_shop_waterfront,
          basic_altar, roderic_roman_lattice, chequers_big_river,
          chequers_garden
D:3:      layout_basic, uniq_natasha, uniq_terence, uniq_sigmund

Skill      XL: |  1  2 |
---------------+-------+-----
Spellcasting   | 4 |  4.8
Conjurations   | 5 |  5.4
Dodging        | |  2.4
Stealth        | |  2.4

Action                   |  1- 3 |  4- 6 || total
-------------------------+-------+-------++-------
Melee: Unarmed           |    15 |       ||    15
 Cast: Magic Dart        |    42 |     4 ||    46
       Searing Ray       |     7 |     4 ||    11
Evoke: Wand              |       |     2 ||     2
  Use: Potion            |       |     1 ||     1
 Stab: Sleeping          |     2 |       ||     2
Armor: Robe              |     4 |       ||     4
Dodge: Dodged            |    20 |       ||    20

Table legend: (Time is in decaauts)
 A = Elapsed time spent in this place.
 B = Non-inter-level travel time spent in this place.
 C = Inter-level travel time spent in this place.
 D = Time resting spent in this place.
 E = Time spent auto-exploring this place.
 F = Levels seen in this place.
 G = Mean time per level.
                   A        B        C        D        E       F      G
               +--------+--------+--------+--------+--------+-----+--------+
         Total |   1302 |   1185 |    117 |      0 |      0 |   3 |  434.0 |
       Dungeon |   1302 |   1185 |    117 |      0 |      0 |   3 |  434.0 |
               +--------+--------+--------+--------+--------+-----+--------+

Top non-repeatable levels by time:
     D:2: 747 daAuts
     D:1: 500 daAuts
     D:3: 54 daAuts
